 Dungeon Crawl Stone Soup version 0.31-a0-466-g98c9adc2b6 (webtiles) character file.

Game seed: 16812543383254865114

991 porpoise the Firebug (level 8, -3/48 HPs)
             Began as a Gargoyle Fire Elementalist on Aug 6, 2023.
             Killed from afar by Dowan (17 damage)
             ... with a shard of ice
             ... on level 5 of the Dungeon.
             The game lasted 00:23:11 (4753 turns).

porpoise the Firebug (Gargoyle Fire Elementalist)   Turns: 4753, Time: 00:23:12

Health: -3/48      AC: 11    Str: 12    XL:     8   Next: 18%
Magic:  2/12       EV: 11    Int: 18    God:
Gold:   120        SH:  0    Dex: 10    Spells: 7/13 levels left

rFire   . . .        b - +1 sling (drain)
rCold   . . .        (no shield)
rNeg    + . .        z - +2 robe {Will+}
rPois   ∞            p - +0 helmet
rElec   +            o - +0 cloak
rCorr   .            (no gloves)
SInv    .            (no boots)
Will    +....        (no amulet)
Stlth   ++           (no ring)
HPRegen 0.28/turn    (no ring)
MPRegen 0.13/turn

%: no passive effects
@: no status effects
A: sickness immunity, AC +5, negative energy resistance 1, electricity
resistance, torment resistance 1, petrification resistance
a: no special abilities


You were on level 5 of the Dungeon.
You visited 1 branch of the dungeon, and saw 5 of its levels.

You collected 176 gold pieces.
You spent 56 gold pieces at shops.

Inventory:

Hand Weapons
 a - a +0 quarterstaff
 b - a +1 sling of draining (weapon)
 s - a +0 orcbow
Missiles
 k - 6 poisoned darts
 q - 5 atropa-tipped darts
Armour
 c - a +1 robe
 o - a +0 cloak (worn)
 p - a +0 helmet (worn)
 r - a +3 leather armour of cold resistance
 z - a +2 robe of willpower (worn)
Jewellery
 t - a +6 ring of strength
Wands
 e - a wand of charming (7)
Scrolls
 d - a scroll of identify
 f - a scroll of enchant armour
 g - 2 scrolls of amnesia
 i - a scroll of revelation {unknown}
 v - a scroll of fear {unknown}
 w - a scroll of enchant weapon {unknown}
 x - a scroll of brand weapon {unknown}
 y - a scroll of fog {unknown}
Potions
 h - 2 potions of enlightenment
 m - a potion of heal wounds
 n - 2 potions of magic
 u - a potion of mutation
 A - a potion of attraction {unknown}


   Skills:
 + Level 4.3 Fighting
 - Level 1.5 Dodging
 - Level 2.1 Stealth
 - Level 3.0 Spellcasting
 - Level 3.0 Conjurations
 + Level 3.4 Translocations
 * Level 6.8 Fire Magic


You had 7 spell levels left.
You knew the following spells:

 Your Spells              Type           Power      Damage    Failure   Level
a - Foxfire               Conj/Fire      80%        2x1d8     2%          1
b - Scorch                Fire           54%        2d7       1%          2
c - Volatile Blastmotes   Fire/Tloc      42%        2d13      6%          3

Your spell library contained the following spells:

 Spells                   Type           Power      Damage    Failure   Level
 Inner Flame              Hex/Fire       14%        N/A       12%         3
 Flame Wave               Conj/Fire      20%        2d7       22%         4
 Summon Guardian Golem    Hex/Summ       2%         N/A       43%         3
 Orb of Destruction       Conj           6%         9d6       100%        7
 Spellforged Servitor     Conj/Summ      4%         N/A       100%        7


Dungeon Overview and Level Annotations

Branches:
Dungeon (5/15)
 Temple: D:4-7

Altars:

Shops:
D:4 ?

Annotations:
D:5 3 runed translucent doors, Dowan; Eustachio; liarliar's ghost, novice HuAr


Innate Abilities, Weirdness & Mutations

You are immune to sickness and miasma.
Your stone body is resilient. (AC +5)
You are immune to poison.
You resist negative energy. (rN+)
You are resistant to electric shocks. (rElec)
You are resistant to unholy torment.
You are immune to petrification.


Message History

Aim: Duvessa, wielding a +0 rapier and wearing a +3 leather armour of positive energy (severely wounded, fast, 60% to hit)
You shoot a sling bullet.
The sling bullet completely misses Duvessa.
The sling bullet closely misses Dowan.
Dowan casts a spell.
Dowan blinks!
Fire: b) +1 sling (drain)
Press: ? - help, Q - select action, (/) - cycle Shift-Dir - straight line, f/p - Duvessa
Aim: Duvessa, wielding a +0 rapier and wearing a +3 leather armour of positive energy (severely wounded, fast, 60% to hit)
You shoot a sling bullet.
The sling bullet hits Duvessa but does no damage.
Duvessa is severely wounded.
Fire: b) +1 sling (drain)
Press: ? - help, Q - select action, (/) - cycle Shift-Dir - straight line, f/p - Duvessa
Aim: Duvessa, wielding a +0 rapier and wearing a +3 leather armour of positive energy (severely wounded, fast, 60% to hit)
You shoot a sling bullet. The sling bullet barely misses Duvessa.
Fire: b) +1 sling (drain)
Press: ? - help, Q - select action, (/) - cycle Shift-Dir - straight line, f/p - Duvessa
Aim: Duvessa, wielding a +0 rapier and wearing a +3 leather armour of positive energy (severely wounded, fast, 60% to hit)
You shoot a sling bullet. The sling bullet hits Duvessa.
You drain Duvessa.
Duvessa is almost dead.
Duvessa hits you with a +0 rapier!
* * * LOW HITPOINT WARNING * * *
Casting: Volatile Blastmotes (dangerous; 7% risk of failure)
Confirm with . or Enter, or press ? or * to list all spells.
Flames lash Duvessa.
You kill Duvessa!
You hear a distant wail of despair.
Unknown command.
Dowan seems to find hidden reserves of power!
Dowan mumbles some strange words.
Dowan blinks!
Found an escape hatch in the floor.
Dowan gestures at you while chanting. The stone arrow misses you.
Dowan gestures wildly while chanting.
Dowan blinks!
Dowan points at you and mumbles some strange words.
The shard of ice hits you!
You die...

### ##### #.#
#...# #.###
#####.#.###...#
.......@..e..#
####
#####.#####.>#
...# # #..# ##
##.# #..###..# #.#
#.#####.......####
##.#
#.........##......
..)#
#.####..#.........
#..#########
#.......#.##..#.#
#.†.........
................#


You could see Dowan (fast).

Vanquished Creatures
  Sigmund (D:5)
  Edmund (D:5)
  Duvessa (D:5)
  A phantom (D:5)
  Blork the orc (D:5)
  A scorpion (D:4)
  A howler monkey (D:4)
  A jelly (D:5)
  An orc priest (D:4)
  A sleepcap (D:4)
  3 iguanas
  Ijyb (D:4)
  3 orc wizards (D:4)
  An adder (D:4)
  A gnoll (D:1)
  2 worms
  6 dart slugs
  11 orcs
  6 ball pythons
  A bat (D:2)
  6 endoplasms
  4 giant cockroaches
  5 goblins
  6 hobgoblins
  5 jackals
  6 kobolds
  7 quokkas
  4 frilled lizards
88 creatures vanquished.

Vanquished Creatures (others)
  184 foxfires
184 creatures vanquished.

Grand Total: 272 creatures vanquished

Notes
Turn   | Place    | Note
-------+----------+-------------------------------------------
     0 | D:1      | porpoise the Gargoyle Fire Elementalist began the quest for
                  | the Orb.
     0 | D:1      | Reached XP level 1. HP: 10/10 MP: 3/3
   175 | D:1      | Reached XP level 2. HP: 15/15 MP: 1/5
   400 | D:1      | Reached XP level 3. HP: 19/19 MP: 2/6
   955 | D:2      | Found a faded altar of an unknown god.
   959 | D:2      | You fall into a shaft and drop 2 floors!
   976 | D:4      | Learned a level 2 spell: Scorch
   980 | D:4      | Learned a level 3 spell: Volatile Blastmotes
   996 | D:4      | Reached XP level 4. HP: 24/24 MP: 2/8
  2568 | D:3      | Reached skill level 4 in Fire Magic
  2882 | D:4      | Reached skill level 1 in Fighting
  2882 | D:4      | Reached XP level 5. HP: 15/29 MP: 1/9
  3169 | D:4      | Noticed Ijyb
  3180 | D:4      | Killed Ijyb
  3181 | D:4      | Reached skill level 1 in Translocations
  3460 | D:4      | Reached XP level 6. HP: 35/35 MP: 7/10
  3730 | D:4      | Reached skill level 5 in Fire Magic
  3807 | D:4      | Found Koexkog's Magic Scroll Shoppe.
  3812 | D:4      | Bought a scroll of amnesia for 56 gold pieces
  4022 | D:5      | Entered Level 5 of the Dungeon
  4022 | D:5      | Noticed liarliar's ghost (novice HuAr)
  4022 | D:5      | Found a runed translucent gate.
  4022 | D:5      | Found a runed translucent gate.
  4022 | D:5      | Found a runed translucent gate.
  4028 | D:5      | Noticed Sigmund
  4045 | D:5      | Killed Sigmund
  4046 | D:5      | Reached XP level 7. HP: 31/41 MP: 1/11
  4152 | D:5      | Noticed Blork the orc
  4162 | D:5      | Killed Blork the orc
  4350 | D:5      | Noticed Eustachio
  4351 | D:5      | Noticed Duvessa
  4352 | D:5      | Noticed Dowan
  4403 | D:5      | Reached skill level 6 in Fire Magic
  4601 | D:5      | Noticed Edmund
  4621 | D:5      | Killed Edmund
  4622 | D:5      | Reached XP level 8. HP: 24/48 MP: 1/12
  4739 | D:5      | Killed Duvessa
  4753 | D:5      | Killed from afar by Dowan

Illustrated notes

Levels and vault maps discovered:
D:1:      psy_arrival_radial02, layout_rooms
D:2:      layout_loops_corners, hellmonk_ecumenical_altar_heavens_door
D:3:      layout_basic
D:4:      layout_basic, serial_shops, shop, uniq_ijyb
D:5:      layout_basic, gammafunk_ghost_necromancy, serial_shops, shop,
          minivault_5, uniq_blork_the_orc, uniq_sigmund, uniq_duvessa,
          uniq_eustachio, uniq_edmund

Skill      XL: |  1  2  3  4  5  6  7 |
---------------+----------------------+-----
Conjurations   | 2 3 |  3.0
Spellcasting   | 3 |  3.0
Fire Magic     | 4 5 6 |  6.8
Fighting       | 1 2 3 4 |  4.3
Translocations | 1 2 3 |  3.4
Dodging        | |  1.5
Stealth        | |  2.1

Action                     |  1- 3 |  4- 6 |  7- 9 || total
---------------------------+-------+-------+-------++-------
  Melee: Dagger            |    21 |       |       ||    21
         Punch             |     1 |       |       ||     1
         Quarterstaff      |     1 |    26 |     6 ||    33
   Fire: Sling             |       |    61 |    25 ||    86
   Cast: Foxfire           |    32 |    61 |    10 ||   103
         Scorch            |     1 |    29 |     9 ||    39
         Volatile Blastmot |       |       |     8 ||     8
    Use: Scroll            |       |     7 |     3 ||    10
         Potion            |       |     1 |       ||     1
 Armour: Robe              |     7 |     8 |    12 ||    27
         Leather armour    |       |    43 |       ||    43
  Dodge: Dodged            |    16 |    56 |    18 ||    90

Table legend: (Time is in decaauts)
 A = Elapsed time spent in this place.
 B = Non-inter-level travel time spent in this place.
 C = Inter-level travel time spent in this place.
 D = Time resting spent in this place.
 E = Time spent auto-exploring this place.
 F = Levels seen in this place.
 G = Mean time per level.
                   A        B        C        D        E       F      G
               +--------+--------+--------+--------+--------+-----+--------+
         Total |   4791 |   4676 |    115 |   1729 |   2024 |   5 |  958.2 |
       Dungeon |   4791 |   4676 |    115 |   1729 |   2024 |   5 |  958.2 |
               +--------+--------+--------+--------+--------+-----+--------+

Top non-repeatable levels by time:
     D:4: 1494 daAuts
     D:2: 1120 daAuts
     D:1: 820 daAuts
     D:3: 684 daAuts
     D:5: 671 daAuts
